Map: Eternal Empire LE

Players

INnoVation

  • Race: Terran Terran
  • Spawn Location: 1:00

Liquidthermy (uThermal) - Winner!

  • Race: Terran Terran
  • Spawn Location: 7:00

Event: StayAtHomestory Cup #2

VOD

Have the link to the VOD?

Description

Time

  • Played on: June 12, 2020, 8:20 a.m.
  • Length: 10:08

All games in this series

Show
View Real Time Build Order
Export as new Build Order

INnoVation Terran 

Build Orders: 1/1/1 

Get SALT Encoding   

  12  0:00  SCV  
  13  0:13  SCV  
  14  0:17  Supply Depot  
  14  0:25  SCV  
  15  0:38  SCV  
  15  0:39  Barracks  
  16  0:43  Refinery  
  16  0:50  SCV  
  16  0:53  Refinery  
  17  1:03  SCV  
  18  1:15  SCV  
  19  1:26  Reaper  
  19  1:27  Orbital Command  
  20  1:33  Supply Depot  
  20  1:42  Factory  
  20  1:53  SCV  
  21  1:58  Barracks Reactor  
  21  2:05  SCV  
  22  2:17  SCV  
  23  2:27  Hellion, Starport  
  25  2:30  SCV  
  25  2:32  Supply Depot  
  25  2:34  Reaper x2  
  28  2:42  SCV  
  29  2:48  Hellion  
  31  2:55  SCV  
  31  2:58  Supply Depot  
  32  3:03  Medivac  
  34  3:06  Reaper x2  
  34  3:10  Hellion  
  38  3:29  Command Center  
  38  3:32  Factory Tech Lab  
  38  3:36  Starport Tech Lab  
  38  3:39  Marine x2  
  40  3:43  SCV  
  41  3:50  Cyclone  
  41  3:54  Supply Depot  
  44  3:57  SCV  
  44  4:02  Marine x2  
  47  4:15  SCV  
  47  4:17  Raven, Refinery  
  40  4:22  Marine  
  40  4:23  Marine  
  44  4:28  SCV  
  45  4:36  Siege Tank  
  48  4:41  Orbital Command  
  48  4:46  SCV  
  48  4:48  Marine x2  
  51  4:58  SCV  
  51  4:59  Raven  
  52  5:06  Marine x2  
  56  5:07  SCV  
  56  5:10  SCV, Supply Depot  
  58  5:16  Siege Tank  
  58  5:19  SCV  
  62  5:22  SCV  
  62  5:24  Marine x2  
  65  5:33  SCV  
  65  5:34  SCV, Supply Depot  
  67  5:42  Raven, Marine x2  
  71  5:45  SCV  
  71  5:46  SCV  
  73  5:55  Siege Tank  
  76  5:57  SCV  
  76  5:59  SCV, Marine  
  76  6:00  Marine  
  76  6:01  Supply Depot  
  80  6:04  Command Center  
  80  6:10  SCV  
  80  6:11  SCV  
  82  6:14  Refinery  
  82  6:18  Supply Depot  
  82  6:22  SCV  
  82  6:23  SCV  
  80  6:34  Viking x2  
  80  6:35  Marine  
  80  6:39  SCV  
  85  6:40  SCV  
  85  6:45  Siege Tank  
  88  6:52  SCV x2  
  79  7:02  Marine  
  75  7:08  Viking x2  
  28  8:15  Orbital Command  
  26  8:27  Starport Tech Lab  
  26  8:48  SCV  
  30  9:00  SCV  
  26  9:05  Refinery  
  23  9:12  SCV  
  23  9:16  Marine  
  18  9:17  Factory Tech Lab  
  18  9:24  SCV  
  19  9:31  Refinery  
  19  9:36  SCV, Marine, Siege Tank  
  21  9:48  SCV  
Show
View Real Time Build Order
Export as new Build Order

Liquidthermy Terran - Winner!

Build Orders:  

Get SALT Encoding   

  12  0:01  SCV  
  13  0:13  SCV  
  14  0:18  Supply Depot  
  14  0:25  SCV  
  15  0:39  SCV  
  15  0:41  Barracks  
  16  0:45  Refinery  
  16  0:52  SCV  
  17  0:59  Barracks  
  17  1:04  SCV  
  18  1:16  SCV  
  19  1:28  Reaper  
  19  1:29  Orbital Command  
  20  1:34  Supply Depot  
  20  1:47  Reaper  
  21  1:54  SCV  
  22  2:04  Reaper  
  22  2:06  SCV  
  24  2:16  Command Center  
  24  2:18  SCV  
  24  2:29  Refinery  
  24  2:30  SCV  
  24  2:36  Marine x2  
  27  2:38  Bunker  
  27  2:43  SCV  
  28  2:47  Factory  
  28  2:55  SCV  
  28  2:56  Barracks Reactor  
  29  3:02  Barracks Tech Lab  
  29  3:07  SCV  
  30  3:19  SCV  
  31  3:27  Orbital Command  
  31  3:29  Marine  
  31  3:31  SCV  
  31  3:33  Marine x2  
  35  3:36  Starport  
  35  3:38  Cyclone  
  38  3:43  SCV  
  38  3:47  Supply Depot  
  38  3:48  Marine  
  40  3:50  Marine  
  40  3:51  Marine  
  40  3:54  SCV  
  44  3:55  SCV  
  44  4:01  Refinery  
  44  4:06  SCV  
  44  4:07  SCV  
  45  4:14  Marine  
  44  4:18  SCV  
  44  4:19  Barracks Tech Lab  
  44  4:20  SCV  
  46  4:24  Raven, Marine  
  46  4:30  SCV  
  50  4:32  SCV, Supply Depot  
  50  4:38  Command Center  
  51  4:40  Marine  
  51  4:41  Marine  
  51  4:44  Stimpack  
  53  4:46  SCV  
  53  4:49  Factory Reactor  
  54  4:54  SCV, Marine  
  54  4:56  Supply Depot  
  54  4:58  SCV, Marine  
  58  5:02  Marine  
  58  5:05  Supply Depot  
  58  5:06  SCV  
  60  5:10  SCV  
  60  5:13  Marine  
  62  5:17  Marine  
  62  5:18  SCV  
  64  5:22  Engineering Bay  
  64  5:23  SCV, Engineering Bay  
  64  5:25  Marine  
  66  5:30  SCV, Medivac x2  
  66  5:34  Refinery  
  71  5:36  SCV, Supply Depot  
  71  5:38  Marine  
  71  5:39  Marine  
  74  5:42  Marine  
  74  5:43  SCV  
  74  5:49  Siege Tank  
  79  5:51  Orbital Command  
  79  5:53  SCV  
  79  5:55  SCV  
  81  5:59  Marine x2  
  83  6:05  Terran Infantry Weapons Level 1, Terran Infantry Armor Level 1  
  83  6:10  Starport Reactor, Marine  
  83  6:11  SCV x2  
  86  6:12  Barracks  
  86  6:17  Orbital Command  
  86  6:18  Marine x2  
  87  6:23  SCV x2, Siege Tank  
  91  6:28  Marine  
  91  6:33  Combat Shield  
  91  6:35  SCV x2  
  91  6:36  Marine x2  
  95  6:45  Marine  
  95  6:46  Supply Depot  
  100  6:47  SCV, Supply Depot  
  101  6:56  Marine  
  101  6:57  Marine  
  101  6:58  Siege Tank  
  99  7:03  Marine  
  99  7:05  Marine  
  99  7:07  Marine  
  93  7:10  Viking x2  
  93  7:14  Marine  
  93  7:15  Marine  
  90  7:21  Marine  
  62  7:45  Liberator  
  58  7:58  Marine  
  59  8:12  Factory Tech Lab  
  59  8:13  SCV  
  59  8:15  Marine  
  57  8:25  SCV  
  58  8:28  Orbital Command  
  58  8:31  Orbital Command  
  61  8:41  Siege Tank  
  61  8:47  Marine  
  59  8:48  SCV  
  46  9:05  Marine  
  45  9:16  SCV  
  46  9:22  Marine  
  41  9:25  SCV  
  41  9:26  SCV  
  41  9:28  SCV  
  44  9:37  SCV  
  36  9:39  SCV  
  36  9:40  SCV, Marine  
  37  9:49  SCV  
  37  9:51  SCV  
  32  9:52  SCV  
  32  9:58  Barracks  
  36  10:08  Barracks  
Tags
 
Add a new tag
Caveats
  • Supply blocks, unpowered buildings, or Contaminate may cause inaccurate times.
  • Supply counts are checked every 10 seconds.